 Dungeon Crawl Stone Soup version 0.30-a0-862-g1aabd4f9c5 (webtiles) character file.

Game seed: 2334947904383340387

3404 Aneyh the Fighter (level 10, -11/71 HPs)
             Began as a Tengu Monk on Mar 9, 2023.
             Killed from afar by an acid dragon (21 damage)
             ... with a splash of acid
             ... on level 8 of the Dungeon.
             The game lasted 00:24:53 (9470 turns).

Aneyh the Fighter (Tengu Monk)                      Turns: 9470, Time: 00:24:54

Health: -11/71     AC:  4    Str: 15    XL:     10   Next: 4%
Magic:  11/11      EV: 16    Int: 11    God:
Gold:   328        SH:  0    Dex: 17    Spells: 9/9 levels left

rFire   . . .      SeeInvis .    a - +8 long sword (freeze)
rCold   . . .      Faith    .    (no shield)
rNeg    . . .      Spirit   .    s - +0 leather armour
rPois   .          Reflect  .    (helmet restricted)
rElec   +          Rampage  .    (no cloak)
rCorr   .                        p - +0 pair of gloves of Dishonesty {Fly rElec}
Will    .....                    (boots unavailable)
Stlth   ++                       (no amulet)
HPRegen 0.31/turn                (no ring)
MPRegen 0.12/turn                (no ring)

@: flying quickly and evasively, quick
A: beak, talons 3, nimble flight
a: no special abilities


You were on level 8 of the Dungeon.
You visited 2 branches of the dungeon, and saw 9 of its levels.

You collected 328 gold pieces.

Inventory:

Hand Weapons
 a - a +8 long sword of freezing (weapon)
 b - a +0 shortbow
 f - the +4 flail of Ygelicle {flame, rC+ Str+3}
   (You found it on level 6 of the Dungeon)

   Str:       It affects your strength (+3).
   rC:        It protects you from cold.
 r - a +0 broad axe
 C - a +0 rapier
 L - a +0 halberd
 M - a +0 scimitar
 N - a +4 long sword
 Q - a +0 spear
 S - a +0 trident
 V - a +1 heavy spear
 W - a +2 hand axe of venom
Missiles
 D - 4 boomerangs (quivered)
 H - 5 javelins
 J - 7 poisoned darts
Armour
 p - the +0 pair of gloves of Dishonesty (worn) {Fly rElec}
   (You found it on level 3 of the Dungeon)

   rElec:     It insulates you from electricity.
   Fly:       It grants you flight.
 s - a +0 leather armour (worn)
 P - a +1 ring mail of cold resistance
 R - a +0 robe
Jewellery
 c - a ring of fire
 k - a ring of wizardry
 A - a ring of willpower
Wands
 w - a wand of mindburst (18)
 I - a wand of flame (2)
Scrolls
 e - a scroll of immolation {unknown}
 g - 3 scrolls of vulnerability
 j - a scroll of magic mapping {unknown}
 l - 3 scrolls of poison
 o - a scroll of fear {unknown}
 q - 3 scrolls of teleportation
 t - a scroll of enchant armour {unknown}
 u - a scroll of fog {unknown}
 y - a scroll of noise
 B - a scroll of amnesia
 O - a scroll of silence {unknown}
 U - a scroll of blinking {unknown}
Potions
 d - a potion of haste {unknown}
 i - 5 potions of attraction
 m - a potion of cancellation {unknown}
 n - 2 potions of brilliance
 v - a potion of flight {unknown}
 x - 2 potions of resistance
 z - 4 potions of curing
 E - 2 potions of degeneration {unknown}
 F - a potion of lignification {unknown}
 G - 2 potions of might {unknown}
 K - a potion of magic {unknown}


   Skills:
 + Level 11.9 Fighting
 - Level 7.0 Long Blades
 - Level 2.4 Maces & Flails
 - Level 3.2 Polearms
 - Level 5.0 Dodging
 - Level 2.0 Stealth


You had 9 spell levels left.
You didn't know any spells.
Your spell library contained the following spells:

 Spells                   Type           Power      Damage    Failure   Level
 Apportation              Tloc           0%         N/A       41%         1
 Blink                    Tloc           0%         N/A       54%         2
 Ozocubu's Armour         Ice            0%         N/A       78%         3
 Manifold Assault         Tloc           0%         N/A       99%         4
 Alistair's Intoxication  Tmut/Pois      0%         N/A       100%        5
 Ozocubu's Refrigeration  Ice            0%         4d7       100%        7
 Storm Form               Tmut/Air       0%         N/A       100%        7


Dungeon Overview and Level Annotations

Branches:
Dungeon (8/15)             Temple (1/1) D:4
   Lair: D:8-11

Altars:
Ashenzari
Cheibriados
Dithmenos
Elyvilon
Gozag
Hepliaklqana
Kikubaaqudgha
Nemelex Xobeh
Okawaru
Qazlal
Ru
Sif Muna
Trog
Wu Jian
Xom
Yredelemnul
Zin

Shops:
D:6 *

Annotations:
D:3 2 transporters, SpyderV's ghost, amateur FoFi
D:7 exclusion: oklob plant


Innate Abilities, Weirdness & Mutations

You have a beak for a mouth.
You have claws for feet.
Your magical nature lets you fly swiftly and evasively.


Message History

The wyvern is almost dead.
The wyvern misses you. The wyvern bites you!!
* * * LOW HITPOINT WARNING * * *
The gnoll hits you but does no damage. The gnoll barely misses you.
You slash the wyvern! You freeze the wyvern.
You kill the wyvern!
The gnoll barely misses you. The gnoll hits you but does no damage.
The gnoll is no longer moving quickly.
The gnoll is no longer moving quickly.
The gnoll misses you.
A wight comes into view.
It is wielding a +3 scimitar of freezing.
The wight moves out of view.
The gnoll is no longer moving quickly.
An acid dragon comes into view.
You feel much better. The acid dragon spits acid at you.
The splash of acid hits you!!
* * * LOW HITPOINT WARNING * * *
You feel much better. The gnoll barely misses you.
You barely miss the acid dragon.
You claw the acid dragon, but do no damage.
Your peck misses the acid dragon.
The gnoll hits you from afar with a +0 spear.
* * * LOW HITPOINT WARNING * * *
The acid dragon misses you. The acid dragon barely misses you.
The gnoll closely misses you.
You slash the acid dragon! You freeze the acid dragon.
You claw the acid dragon. Your peck misses the acid dragon.
The acid dragon is heavily wounded.
The gnoll hits you from afar with a +0 spear.
* * * LOW HITPOINT WARNING * * *
The acid dragon closely misses you. The acid dragon barely misses you.
An orc comes into view. It is wielding a +0 mace.
The gnoll hits you from afar with a +0 spear.
* * * LOW HITPOINT WARNING * * *
You hit the acid dragon. You freeze the acid dragon. You claw the acid dragon.
The acid dragon is almost dead.
The gnoll closely misses you. The acid dragon spits acid at you.
The splash of acid hits you!!
You die...

#....## #....# ##+#)# #....#
#....# #....# #...g## ## #
###.g.## ##.# . #...g.@##
##...# #
#......D#######.....###
#......................
#......#...o#..........
#......#....# .........
######......#....# .........
#...........#...## .........
##....#.......)..##########[#
###...♣.......♣.♣..........<...


You could see an acid dragon (catching breath), 3 gnolls and an orc.

Vanquished Creatures
  Prince Ribbit (D:7)
  3 wyverns
  A black bear (D:4)
  2 sky beasts (D:8)
  2 orc warriors
  A centaur (D:7)
  2 phantoms
  2 gnoll sergeants
  4 scorpions
  6 wights
  5 killer bees
  A howler monkey (D:5)
  11 jellies
  5 hounds
  An orc priest (D:4)
  3 gnoll boudas
  3 iguanas
  4 orc wizards
  A sleepcap (D:5)
  12 gnolls
  7 adders
  4 white imps
  An ufetubus (D:5)
  3 worms
  5 dart slugs
  20 orcs
  15 endoplasms
  3 giant cockroaches
  9 goblins
  3 hobgoblins
  7 kobolds
  3 quokkas
  10 ball pythons
  6 bats
  A frilled lizard (D:3)
  5 rats
172 creatures vanquished.

Vanquished Creatures (others)
  7 fungi (D:7)
7 creatures vanquished.

Grand Total: 179 creatures vanquished

Notes
Turn   | Place    | Note
-------+----------+-------------------------------------------
     0 | D:1      | Aneyh the Tengu Monk began the quest for the Orb.
     0 | D:1      | Reached XP level 1. HP: 14/14 MP: 2/2
   134 | D:1      | Found a faded altar of an unknown god.
   144 | D:1      | Reached XP level 2. HP: 18/19 MP: 3/3
   295 | D:1      | Reached skill level 4 in Fighting
   396 | D:1      | Reached XP level 3. HP: 13/24 MP: 4/4
   740 | D:2      | Noticed a phantom
   790 | D:2      | Killed a phantom
   791 | D:2      | Reached skill level 5 in Fighting
   791 | D:2      | Reached XP level 4. HP: 13/31 MP: 5/5
   900 | D:2      | Gained mutation: Your magical nature lets you fly swiftly
                  | and evasively. [Tengu growth]
   900 | D:2      | Reached XP level 5. HP: 35/35 MP: 6/6
  1274 | D:2      | Reached skill level 6 in Fighting
  1489 | D:3      | Found a sacrificial altar of Ru.
  1560 | D:3      | Identified the +0 pair of gloves of Dishonesty {Fly rElec}
  1569 | D:3      | Reached XP level 6. HP: 35/42 MP: 7/7
  1751 | D:3      | Found a transporter.
  1758 | D:3      | Found a transporter.
  1760 | D:3      | Noticed SpyderV's ghost (amateur FoFi)
  2696 | D:4      | Noticed a black bear
  2716 | D:4      | Killed a black bear
  2717 | D:4      | Reached skill level 7 in Fighting
  3206 | D:4      | Found a staircase to the Ecumenical Temple.
  3225 | Temple   | Entered the Ecumenical Temple
  3463 | D:5      | Entered Level 5 of the Dungeon
  3554 | D:5      | Reached XP level 7. HP: 47/48 MP: 8/8
  3874 | D:5      | Found a hazy altar of Hepliaklqana.
  3960 | D:5      | Found a stormy altar of Qazlal.
  3966 | D:5      | Reached skill level 8 in Fighting
  4548 | D:5      | Reached XP level 8. HP: 55/56 MP: 9/9
  4764 | D:4      | Reached skill level 9 in Fighting
  5224 | D:5      | Reached skill level 5 in Dodging
  6374 | D:6      | Reached skill level 10 in Fighting
  6384 | D:6      | Found a broken altar of Ashenzari.
  6395 | D:6      | Identified the +4 flail of Ygelicle {flame, rC+ Str+3}
  6425 | D:6      | Found Geoseath's Assorted Antiques.
  7203 | D:7      | Reached skill level 1 in Maces & Flails
  7338 | D:7      | Found a basalt altar of Yredelemnul.
  7602 | D:6      | Reached XP level 9. HP: 41/63 MP: 10/10
  7749 | D:7      | Noticed Prince Ribbit
  7765 | D:7      | Killed Prince Ribbit
  7766 | D:7      | Reached skill level 11 in Fighting
  7766 | D:7      | Reached skill level 1 in Long Blades
  8288 | D:7      | Noticed an oklob plant
  8443 | D:7      | Found a shimmering blue altar of Sif Muna.
  8925 | D:8      | Reached skill level 5 in Long Blades
  9457 | D:8      | Reached XP level 10. HP: 51/71 MP: 11/11
  9470 | D:8      | Killed from afar by an acid dragon

Illustrated notes

Levels and vault maps discovered:
D:1:      sevenhm_arrival_forest_fort_small_3, layout_loops_ring,
          chequers_ecumenical_altar_simple, minmay_misc_feat_tower
D:2:      layout_rooms
D:3:      kennysheep_big_flooded_room, layout_loops_cross,
          nicolae_ru_great_annihilating_truth, gammafunk_ghost_arena,
          hangedman_abyss_or_decor_lesser_grid
D:4:      layout_gridville, minmay_temple_entry_overgrown
D:5:      layout_loops_ring, old_standard_altar,
          mainiacjoe_overflow_concentric_impassable, hangedman_decor_opposing,
          minmay_fractal_squares_5
D:6:      layout_basic, evilmike_ruin_ashenzari, serial_shops, shop
D:7:      lemuel_slime, layout_basic, nicolae_sif_muna_little_library,
          yredelemnul_altar_generic, uniq_prince_ribbit1
D:8:      minmay_the_grid_octo_2x2 [minmay_the_grid_octo_checkered,
          minmay_the_grid_octo_shrine, minmay_the_grid_octo_77,
          minmay_the_grid_octo_prize_square_snowflake], layout_gridville,
          general_overflow_altar, nrook_campfire, nicolae_inconvenience_store,
          nicolae_kite_square_tiling_tiny
Temple:   hellmonk_temple_of_storms

Skill      XL: |  1  2  3  4  5  6  7  8  9 |
---------------+----------------------------+-----
Fighting       | 4 5 6 7 8 10 11 | 11.9
Dodging        | 4 5 |  5.0
Maces & Flails | 2 |  2.4
Long Blades    | 7 |  7.0
Polearms       | |  3.2
Stealth        | |  2.0

Action                     |  1- 3 |  4- 6 |  7- 9 | 10-12 || total
---------------------------+-------+-------+-------+-------++-------
  Melee: Spear             |    75 |   215 |   239 |       ||   529
         Kick              |    15 |    45 |   122 |     6 ||   188
         Peck              |     7 |    36 |    75 |     1 ||   119
         Punch             |       |     1 |     4 |       ||     5
         Flail             |       |       |    32 |       ||    32
         Long sword        |       |       |    92 |     7 ||    99
   Fire: Shortbow          |       |       |     2 |       ||     2
  Throw: Boomerang         |       |       |     7 |       ||     7
    Use: Scroll            |       |       |    10 |       ||    10
         Potion            |       |       |     3 |     2 ||     5
   Stab: Sleeping          |     2 |    10 |     6 |       ||    18
         Distracted        |       |     1 |     2 |       ||     3
 Armour: Robe              |    10 |     5 |       |       ||    15
         Leather armour    |       |    12 |    36 |     3 ||    51
  Dodge: Dodged            |    23 |   100 |   241 |    15 ||   379

Table legend: (Time is in decaauts)
 A = Elapsed time spent in this place.
 B = Non-inter-level travel time spent in this place.
 C = Inter-level travel time spent in this place.
 D = Time resting spent in this place.
 E = Time spent auto-exploring this place.
 F = Levels seen in this place.
 G = Mean time per level.
                   A        B        C        D        E       F      G
               +--------+--------+--------+--------+--------+-----+--------+
         Total |   9008 |   8507 |    501 |   2520 |   3881 |   9 | 1000.9 |
       Dungeon |   8971 |   8476 |    495 |   2520 |   3860 |   8 | 1121.4 |
        Temple |     36 |     31 |      5 |      0 |     21 |   1 |   36.0 |
               +--------+--------+--------+--------+--------+-----+--------+

Top non-repeatable levels by time:
     D:6: 1877 daAuts
     D:5: 1723 daAuts
     D:7: 1426 daAuts
     D:3: 1151 daAuts
     D:4: 1089 daAuts
     D:1: 676 daAuts
     D:2: 639 daAuts
     D:8: 387 daAuts
  Temple: 36 daAuts
